 Dungeon Crawl Stone Soup version 0.22.1-1-ga44c0e56f4 (webtiles) character file.

571093 Nebulos the Peltast (level 27, -13/152 HPs)
             Began as a Gargoyle Fighter on Sept 20, 2018.
             Was the Champion of Nemelex Xobeh.
             Splashed by an acid blob's acid (14 damage)
             ... on level 4 of the Pits of Slime.
             The game lasted 04:31:52 (58480 turns).

Nebulos the Peltast (Gargoyle Fighter)             Turns: 58480, Time: 04:31:53

Health: -13/152    AC: 18    Str: 32    XL:     27
Magic:  0/32       EV: 25    Int: 13    God:    Nemelex Xobeh [******]
Gold:   4742       SH: 36    Dex: 23    Spells: 31/54 levels left

rFire    . . .     SeeInvis .   t - +8 war axe of Garea {freeze, +Blink +Rage rC+ Str+2 Dex+3}
rCold    + + +     Gourm    .   r - +10 large shield of Ignorance {rN+ Int-4}
rNeg     + + .     Faith    .   J - +5 ring mail of Feutsown {Int+4}
rPois    ∞         Spirit   +   h - +2 helmet
rElec    +         Reflect  .   x - +1 cloak of Starlight {rElec rC+ EV+4 Stlth--}
rCorr    .         Harm     .   y - +2 pair of gloves {Dex+3}
MR       +++..                  u - +0 pair of boots
Stlth    +.........             R - amulet of guardian spirit
HPRegen  0.35/turn              i - ring "Paxowimi" {rPois rC+ Str-3 Int+3 Dex+6}
MPRegen  0.23/turn              k - +2 ring of slaying

@: mighty, corroded, berserk cooldown, studying Axes
A: big wings, talons 1, deformed body, dopey 2, frail 1, low mp 2, magic
resistance 1, negative energy resistance 1, electricity resistance, strong 1,
unbreathing, petrification resistance, rot immunity, AC +20
}: 2/15 runes: serpentine, barnacled
a: Fly, Triple Draw, Deal Four, Stack Five, Renounce Religion, Evoke Blink,
Evoke Berserk Rage


You were on level 4 of the Pits of Slime.
You worshipped Nemelex Xobeh.
Nemelex Xobeh was exalted by your worship.
You were not hungry.

You visited 10 branches of the dungeon, and saw 44 of its levels.
You visited the Abyss 1 time.
You visited 1 ziggurat, and saw 9 of its levels.

You collected 5944 gold pieces.
You spent 1202 gold pieces at shops.

Inventory:

Hand Weapons
 t - the +8 war axe of Garea (weapon) {freeze, +Blink +Rage rC+ Str+2 Dex+3}
   (You took it off a wight on level 11 of the Dungeon)

   It has been specially enchanted to freeze those struck by it, causing extra
   injury to most foes and up to half again as much damage against particularly
   susceptible opponents.
   It can also slow down cold-blooded creatures.
   It affects your strength (+2).
   It affects your dexterity (+3).
   It protects you from cold.
   It lets you blink.
   It lets you go berserk.
Armour
 h - a +2 helmet (worn)
 r - the +10 large shield of Ignorance (worn) {rN+ Int-4}
   (You acquired it on level 2 of the Depths)

   It affects your intelligence (-4).
   It protects you from negative energy.
 u - a +0 pair of boots (worn)
 x - the +1 cloak of Starlight (worn) {rElec rC+ EV+4 Stlth--}
   (You acquired it on level 14 of the Dungeon)

   It affects your evasion (+4).
   It protects you from cold.
   It insulates you from electricity.
   It makes you much less stealthy.
 y - a +2 pair of gloves of dexterity (worn)
 J - the +5 ring mail of Feutsown (worn) {Int+4}
   (You found it on level 7 of the Dungeon)

   It affects your intelligence (+4).
Jewellery
 d - an uncursed ring of positive energy
 i - the ring "Paxowimi" (left hand) {rPois rC+ Str-3 Int+3 Dex+6}
   (You found it on level 7 of a ziggurat)

   [ring of protection from cold]

   It affects your strength (-3).
   It affects your intelligence (+3).
   It affects your dexterity (+6).
   It protects you from cold.
   It protects you from poison.
 k - a +2 ring of slaying (right hand)
 m - an uncursed ring of protection from cold
 p - an uncursed ring of protection from fire
 I - a +6 ring of dexterity
 K - an uncursed ring of protection from magic
 R - an amulet of guardian spirit (around neck)
 U - a +5 ring of intelligence
Wands
 a - a wand of polymorph (12)
 v - a wand of paralysis (12)
 C - a wand of iceblast (43)
 D - a wand of acid (33)
 G - a wand of clouds (3)
 S - a wand of digging (12)
 T - a wand of enslavement (50)
Scrolls
 b - 6 scrolls of fog
 e - 10 scrolls of teleportation
 g - 7 scrolls of enchant armour
 l - 3 scrolls of identify
 o - 12 scrolls of remove curse
 q - 5 scrolls of enchant weapon
 M - a scroll of brand weapon
 Q - 6 scrolls of magic mapping
 W - a scroll of holy word
 Z - a scroll of amnesia
Potions
 n - 3 potions of might
 s - 2 potions of cancellation
 z - 7 potions of brilliance
 E - a potion of haste
 H - 8 potions of agility
Books
 A - a manual of Axes
Miscellaneous
 c - an ornate deck of summoning {drawn: 4}
 j - an ornate deck of summoning {drawn: 3}
 w - a lightning rod (4/4)
 F - a legendary deck of destruction {drawn: 5}
 N - an ornate deck of escape {drawn: 3}
 O - an ornate deck of destruction
 P - an ornate deck of summoning
 V - the horn of Geryon
 X - a legendary deck of destruction {drawn: 6}
 Y - 2 boxes of beasts
Comestibles
 f - 18 rations


   Skills:
 + Level 16.5 Fighting
 + Level 18.7(18.8) Axes
   Level 4.2(14.2) Maces & Flails
 + Level 1.2 Throwing
 + Level 12.1 Armour
 + Level 11.4 Dodging
 + Level 7.4 Stealth
 + Level 20.6 Shields
 + Level 1.2 Unarmed Combat
 * Level 14.2 Spellcasting
 + Level 1.0 Hexes
 + Level 7.8 Charms
 + Level 6.4 Summonings
 * Level 10.6 Necromancy
 + Level 1.0 Transmutations
 + Level 1.4 Earth Magic
 + Level 10.1 Invocations
 + Level 6.4 Evocations


You had 31 spell levels left.
You knew the following spells:

 Your Spells              Type           Power        Failure   Level  Hunger
a - Summon Butterflies    Summ           ####....     1%          1    None
b - Call Canine Familiar  Summ           ####....     3%          3    None
c - Regeneration          Chrm/Necr      ####......   1%          3    None
d - Corona                Hex            ##.....      11%         1    None
e - Passwall              Tmut/Erth      ##......     14%         2    None
f - Vampiric Draining     Necr           #####.....   1%          3    None
g - Slow                  Hex            ##......     16%         2    None
h - Dispel Undead         Necr           #####...     6%          5    #####..
i - Summon Guardian Gole  Hex/Summ       ###.....     11%         3    None

Your spell library contained the following spells:

 Spells                   Type           Power        Failure   Level  Hunger
 Animate Skeleton         Necr           N/A          1%          1    None
 Pain                     Necr           ####         1%          1    None
 Corpse Rot               Necr           N/A          1%          2    None
 Animate Dead             Necr           N/A          1%          4    ###....
 Agony                    Necr           #####...     6%          5    #####..
 Sandblast                Erth           ##....       9%          1    None
 Ozocubu's Armour         Chrm/Ice       ###.....     10%         3    None
 Excruciating Wounds      Chrm/Necr      ####......   11%         5    #####..
 Apportation              Tloc           #.....       17%         1    None
 Freeze                   Ice            #...         17%         1    None
 Sting                    Conj/Pois      #...         17%         1    None
 Poisonous Vapours        Pois/Air       #.....       26%         2    None
 Throw Frost              Conj/Ice       #.....       26%         2    None
 Confuse                  Hex            ##......     32%         3    None
 Inner Flame              Hex/Fire       ##......     36%         3    None
 Portal Projectile        Hex/Tloc       ##....       36%         3    None
 Summon Ice Beast         Ice/Summ       ###.....     41%         4    ###....
 Mephitic Cloud           Conj/Pois/Air  #.......     45%         3    None
 Static Discharge         Conj/Air       #.......     45%         3    None
 Bolt of Draining         Conj/Necr      ###.......   45%         5    #####..
 Leda's Liquefaction      Hex/Erth       ##........   67%         4    ###....
 Petrify                  Tmut/Erth      ##......     67%         4    ###....
 Summon Mana Viper        Hex/Summ       ###.....     69%         5    #####..
 Cause Fear               Hex            ##........   71%         4    ###....
 Fulminant Prism          Conj/Hex       ##........   78%         4    ###....
 Olgreb's Toxic Radiance  Pois           #.......     86%         4    ###....
 Throw Icicle             Conj/Ice       #.......     86%         4    ###....
 Lee's Rapid Deconstruct  Erth           ##........   94%         5    #####..
 Bolt of Magma            Conj/Fire/Erth ##........   98%         5    #####..
 Lightning Bolt           Conj/Air       #.........   99%         5    #####..
 Venom Bolt               Conj/Pois      #.........   99%         5    #####..
 Iron Shot                Conj/Erth      ##........   100%        6    ######.
 Summon Hydra             Summ           ####......   100%        7    #######
 Discord                  Hex            ##........   100%        8    #######
 Ignition                 Fire           #.........   100%        8    #######
 Shatter                  Erth           ##........   100%        9    #######
 Tornado                  Air            #.........   100%        9    #######
 Sublimation of Blood     Necr           Unusable     N/A         2    N/A
 Statue Form              Tmut/Erth      Unusable     N/A         6    N/A

Dungeon Overview and Level Annotations

Branches:
Dungeon (15/15)            Temple (1/1) D:5            Lair (6/6) D:10
 Shoals (4/4) Lair:4        Snake (4/4) Lair:2        Slime (5/5) Lair:6
    Orc (2/2) D:11            Elf (0/3) Orc:2        Vaults (0/5) D:14
 Depths (5/5) D:15           Hell (1/1)                 Dis (0/7) Hell
    Geh (0/7) Hell            Coc (0/7) Hell            Tar (1/7) Hell
    Zot (0/5) Depths:5

Altars:
Dithmenos
Fedhas
Gozag
Kikubaaqudgha
Makhleb
Nemelex Xobeh
Okawaru
Qazlal
Ru
Sif Muna
Wu Jian
Yredelemnul

Shops:
D:4 %[   D:11 ?   D:15 }   Orc:1 !   Orc:2 ?!}*   Depths:2 [   Depths:3 }

Portals:
Hell: Depths:1 Depths:2 Depths:3 Depths:4 Depths:5
Abyss: Depths:3 Depths:4
Pandemonium: Depths:2 Depths:3 Depths:4

Annotations:
D:4 food store
Slime:5 Royal Jelly


Innate Abilities, Weirdness & Mutations

You are resistant to torment.
Your stone body is resilient. (AC +20)
You are immune to poison.
Your large and strong wings let you fly indefinitely.
You resist negative energy. (rN+)
You are resistant to electric shocks. (rElec)
You can survive without breathing.
You are immune to petrification.
You are immune to rotting.
You have sharp toenails.
Armour fits poorly on your strangely shaped body.
You are very dopey. (Int -4)
You are frail. (-10% HP)
Your magical capacity is very low. (-20% MP)
You are resistant to hostile enchantments. (MR+)
Your muscles are strong. (Str +2)


Message History

Triple draw from which deck? (? for menu, Esc to quit)
You draw... (choose one card, ? for their descriptions)
a - the Tomb
b - the Cloud
c - the Cloud The deck of cards glows with a rainbow of weird colours and disappears.
Walls emerge from the floor!
You block the acid blob's attack. x2
Okay, then.
Evoke which item? (* to show all) (? for menu, Esc to quit)
You draw a card...
It is the Shaft.
Nothing appears to happen.
The acid blob spits acid at you. The splash of acid misses you.
Evoke which item? (* to show all) (? for menu, Esc to quit)
You draw a card...
It is the Cloud.
Clouds appear around you! The acid blob spits acid at you.
The splash of acid hits you!
* * * LOW HITPOINT WARNING * * *
The acid corrodes you!
You are splashed with acid!
The acid burns!
You die...
Your body glows with a rainbow of weird colours and disappears.

## ...#...#
##......# #......#
####......## #
##.#...#....##
###.#...#........##
#.....<..§###.....#
#.........§J@#......
##.#.#....§###......
#...#.............
#...###.......#...
.##..##.#......# ..
..............## .
............#.#
................#
..#.....##........


You could see an acid blob.

Vanquished Creatures
  An ancient lich (Depths:3)
  Mennas (Depths:4)
  A greater mummy (Zig:7)
  Margery (Depths:5)
  Geryon (Hell)
  A caustic shrike (Depths:4)
  A profane servitor (Depths:3)
  Nikola (Depths:3)
  A golden dragon (Depths:4)
  3 doom hounds (Tar:1)
  5 liches
  5 Tzitzimimeh
  5 bone dragons
  3 tentacled monstrosities
  Rupert (D:14)
  A kraken (Shoals:4)
  15 acid blobs
  Murray (Hell)
  2 ancient champions
  A titan (Depths:2)
  Agnes (Snake:1)
  Frances (Snake:1)
  An Executioner (Tar:1)
  A sphinx (Depths:2)
  2 tentacled starspawn (Abyss:3)
  3 tengu reavers
  A storm dragon (Depths:5)
  Kirke (Snake:3)
  Roxanne (Shoals:3)
  2 shadow dragons
  9 nagarajas
  9 fire giants
  2 ghost moths
  Louise (Snake:2)
  4 iron dragons (Depths:1)
  An angel (Abyss:3)
  2 juggernaut zombies
  7 frost giants
  11 reapers
  An emperor scorpion (Zig:8)
  2 spriggan defenders
  16 very ugly things
  11 stone giants
  An entropy weaver (Zig:4)
  2 vampire knights (Depths:3)
  2 lorocyprocas
  Azrael (Orc:2)
  3 black draconians (Depths:5)
  A deep elf demonologist (Depths:5)
  A deep elf annihilator (Depths:2)
  A white draconian (Depths:5)
  2 pearl dragon zombies (Depths:3)
  3 red draconians
  A green death (Hell)
  4 deep elf death magi (Depths:3)
  Snorg (Lair:4)
  An ettin (Depths:5)
  3 merfolk javelineers
  A blizzard demon (Hell)
  2 mummy priests (Zig:7)
  4 death oozes
  12 fire dragons
  7 merfolk impalers
  2 quicksilver dragon zombies
  A kraken zombie (Hell)
  7 great orbs of eyes
  2 yaktaur captains
  11 ice dragons
  The ghost of SaintSock the Geomancer, a journeyman GrEE of Qazlal (D:12)
  3 rakshasas (Depths:1)
  22 naga warriors
  A caustic shrike simulacrum (Depths:3)
  8 spark wasps
  A catoblepas (Depths:5)
  3 merfolk avatars
  8 anacondas
  A hell beast (Zig:8)
  8 hydras
  8 spriggan air magi
  9 centaur warriors
  5 dancing weapons
  5 merfolk aquamancers
  4 two-headed ogres
  2 death knights
  3 deep troll shamans
  2 satyrs
  A death yak (Lair:4)
  3 hell hogs (Depths:3)
  4 tengu warriors (Depths:1)
  2 ogre magi (Zig:2)
  2 vampire magi (Tar:1)
  A death scarab (Depths:5)
  5 deep troll earth magi
  4 orc high priests
  11 shock serpents
  6 naga sharpshooters
  3 thrashing horrors (Abyss:3)
  2 sun demons
  7 spriggan berserkers
  Urug (D:13)
  3 wretched stars (Abyss:3)
  2 sixfirhies
  7 spriggans
  2 titan skeletons (Depths:3)
  15 skeletal warriors
  2 iron golems
  3 fire crabs
  4 salamander mystics
  8 soul eaters
  7 hell knights
  An anaconda zombie (Hell)
  A spatial maelstrom (Abyss:3)
  An unseen horror (D:13)
  4 flayed ghosts
  3 golden dragon zombies (Depths:3)
  A torturous demonspawn (Depths:3)
  2 glowing orange brains
  9 deep trolls
  2 shadow demons (Tar:1)
  A swamp dragon (shapeshifter) (Depths:2)
  A spark wasp zombie (Depths:3)
  4 wizards
  15 sea snakes
  An orc knight (D:14)
  8 necromancers
  7 naga ritualists
  2 lindwurms (Depths:4)
  4 phantasmal warriors
  A golden dragon skeleton (Depths:3)
  16 harpies
  2 shadow dragon zombies (Depths:3)
  A shadow dragon skeleton (Depths:2)
  An anaconda skeleton (Hell)
  2 orb spiders
  6 mana vipers
  17 ugly things
  3 wolf spiders
  3 deep elf magi
  A fire giant zombie (Depths:3)
  3 orc sorcerers
  2 stone giant zombies (Depths:3)
  8 fauns
  A shining eye (Slime:5)
  2 frost giant zombies (Depths:3)
  13 salamanders
  5 oklob plants
  7 cyclopes
  A worldbinder (Abyss:3)
  7 manticores
  37 black mambas
  2 elephants (Lair:6)
  2 frost giant skeletons
  11 merfolk sirens
  11 rust devils
  4 apis skeletons (Depths:3)
  11 water nymphs
  7 guardian serpents
  22 naga magi
  4 smoke demons
  11 spiny frogs
  2 gargoyles
  2 titan simulacra
  A molten gargoyle (Hell)
  A torpor snail (Lair:6)
  A hellion (Tar:1)
  An orange demon (Depths:3)
  3 rime drakes
  2 spriggan skeletons
  18 yaktaurs
  5 efreet
  6 komodo dragons
  A tormentor (Tar:1)
  4 freezing wraiths
  2 golden dragon simulacra (Depths:3)
  An ice devil (Hell)
  A meliai (shapeshifter) (Depths:4)
  4 hydra zombies (Hell)
  2 red devils (Hell)
  3 tengu conjurers
  A silent spectre (Tar:1)
  2 demonic crawlers
  2 ancient zymes (Abyss:3)
  A shadow dragon simulacrum (Depths:2)
  7 trolls
  19 merfolk
  2 elf skeletons (Depths:3)
  A polar bear (shapeshifter) (Abyss:3)
  5 wind drakes
  10 polar bears
  A jumping spider (shapeshifter) (Depths:1)
  8 hornets
  A wolf spider simulacrum (D:13)
  A jumping spider (Zig:5)
  3 meliai (D:13)
  Prince Ribbit (D:8)
  A sphinx simulacrum (Depths:3)
  16 blink frogs
  51 slime creatures
  An alligator zombie (Abyss:3)
  A slime creature (shapeshifter) (Depths:2)
  7 hippogriffs
  4 dream sheep (Shoals:2)
  5 raiju
  4 snapping turtles
  16 flying skulls
  2 air elementals (Zig:3)
  An ettin skeleton (Depths:2)
  An ice dragon skeleton (Hell)
  An alligator skeleton (Hell)
  9 redbacks
  6 shadows
  A spriggan simulacrum (Depths:3)
  10 water elementals
  2 tarantellas
  5 wraiths
  3 vampires
  2 ynoxinuls (Abyss:3)
  9 wyverns
  38 yaks
  7 large abominations
  3 golden eyes (Slime:4)
  A steam dragon (D:8)
  16 fire elementals
  12 humans (D:14)
  7 basilisks
  2 hungry ghosts
  4 hogs (Snake:3)
  A neqoxec (Abyss:3)
  2 chaos spawn (Abyss:3)
  3 vampire mosquitoes (D:15)
  63 nagas
  3 spatial vortices (Abyss:3)
  2 insubstantial wisps (D:8)
  14 wargs
  2 acid dragons (D:14)
  11 water moccasins
  27 hell hounds
  A floating eye (Depths:5)
  6 porcupines
  Duvessa (D:7)
  A hornet zombie (D:10)
  7 starcursed masses (Abyss:3)
  An ettin simulacrum (Hell)
  22 orc warriors
  7 sky beasts
  A merfolk skeleton (Tar:1)
  4 phantoms
  14 black bears
  10 necrophages
  3 ice beasts
  A snapping turtle skeleton (Tar:1)
  3 eyes of draining
  30 wolves
  9 ogres
  23 centaurs
  4 boggarts (Depths:1)
  6 crocodiles
  2 big kobolds
  A glowing shapeshifter simulacrum (Depths:3)
  15 bullfrogs
  2 scorpions
  2 wyvern skeletons
  Dowan (D:7)
  7 killer bees
  36 wights
  6 howler monkeys
  5 electric eels
  12 crimson imps
  2 bullfrog zombies
  4 centaur zombies
  5 jellies
  A quasit (Depths:3)
  7 hounds
  6 centaur skeletons
  22 orc priests
  24 orc wizards
  4 bullfrog skeletons
  3 iguanas
  2 iron imps
  A human zombie (Tar:1)
  Terence (D:3)
  10 hell rats
  10 worker ants
  8 small abominations (Abyss:3)
  A hound zombie (D:9)
  2 hound skeletons
  4 mummies (D:12)
  A howler monkey skeleton (D:9)
  11 adders
  3 gnolls (D:5)
  9 river rats (Lair:4)
  8 shadow imps
  A white imp (Depths:3)
  5 ufetubi
  An adder skeleton (D:4)
  A worm (D:4)
  4 dart slugs
  4 leopard geckos
  100 orcs
  4 ball pythons
  6 bats
  14 giant cockroaches
  8 goblins
  9 hobgoblins
  2 jackals (D:3)
  11 kobolds
  2 quokkas
  8 frilled lizards
  A kobold zombie (Hell)
  17 rats
  17 plants
  3 starspawn tentacles (Abyss:3)
  4 tentacles
1822 creatures vanquished.

Vanquished Creatures (collateral kills)
  A tentacled monstrosity (Hell)
  2 fire giants
  3 nagarajas (Snake:4)
  2 war gargoyles (Hell)
  A stone giant (Depths:5)
  A blizzard demon (Hell)
  2 mummy priests (Zig:7)
  3 merfolk javelineers
  A green death (Hell)
  A fire dragon (D:14)
  Josephine (D:10)
  A merfolk impaler (Shoals:4)
  A hydra (Lair:6)
  3 naga warriors (Snake:4)
  An alligator snapping turtle (Shoals:1)
  A merfolk avatar (Shoals:4)
  2 tengu warriors
  2 anacondas
  A death yak (Lair:6)
  3 hell knights (Hell)
  2 naga sharpshooters (Snake:4)
  A skeletal warrior (Hell)
  A sea snake (Shoals:4)
  3 naga ritualists (Snake:4)
  A mana viper (Snake:4)
  An orc knight (D:8)
  6 harpies (Shoals:4)
  6 elephants (Lair:6)
  2 water nymphs (Shoals:4)
  3 merfolk sirens
  2 black mambas
  10 naga magi
  2 rust devils (Hell)
  A komodo dragon (Lair:6)
  3 guardian mummies (Zig:7)
  A wind drake (Shoals:4)
  A meliai (D:14)
  A troll (D:14)
  3 merfolk
  3 snapping turtles
  Grinder (D:5)
  A hungry ghost (D:15)
  4 humans (D:14)
  9 nagas
  5 wargs (D:8)
  4 orc warriors
  An ogre (D:7)
  2 crocodiles
  3 bullfrogs
  2 howler monkeys (D:7)
  3 orc priests
  A quasit (D:7)
  3 orc wizards
  A mummy (Zig:7)
  13 orcs
  A kobold (D:7)
140 creatures vanquished.

Vanquished Creatures (others)
  A pandemonium lord (Zig:8)
  A Hell Sentinel (Zig:8)
  A merfolk javelineer (Shoals:3)
  3 merfolk impalers (Shoals:3)
  A harpy (Shoals:4)
  A necromancer (Hell)
  2 black mambas
  A guardian serpent (Depths:4)
  A guardian mummy (Zig:7)
  A red devil (Zig:8)
  2 insubstantial wisps (Zig:3)
  An orc warrior (D:8)
  A quasit (Abyss:3)
  2 mummies (Zig:7)
  A ball lightning (Shoals:3)
  An orc (Orc:2)
  9 fungi
  31 plants
  3 starspawn tentacles (Abyss:3)
  6 tentacles
70 creatures vanquished.

Grand Total: 2032 creatures vanquished

Notes
Turn   | Place    | Note
-------+----------+-------------------------------------------
     0 | D:1      | Nebulos the Gargoyle Fighter began the quest for the Orb.
     0 | D:1      | Reached XP level 1. HP: 14/14 MP: 1/1
    54 | D:1      | Reached XP level 2. HP: 19/19 MP: 2/2
   384 | D:1      | Reached XP level 3. HP: 23/23 MP: 3/3
   784 | D:2      | Reached XP level 4. HP: 5/29 MP: 4/4
   830 | D:2      | Reached skill level 4 in Shields
  1231 | D:2      | Reached XP level 5. HP: 26/33 MP: 5/5
  1318 | D:2      | Found an opulent altar of Gozag.
  1918 | D:3      | Noticed Terence
  1931 | D:3      | Killed Terence
  1965 | D:3      | Reached skill level 1 in Dodging
  2492 | D:3      | Found a deep blue altar of Sif Muna.
  2748 | D:4      | Found Fod Cem's Food Shoppe.
  2816 | D:4      | Reached XP level 6. HP: 38/38 MP: 6/6
  2958 | D:4      | Found Orreroin's Antique Armour Emporium.
  3218 | D:5      | Entered Level 5 of the Dungeon
  3227 | D:5      | Reached skill level 1 in Axes
  3256 | D:5      | Reached skill level 5 in Shields
  3301 | D:5      | Found a staircase to the Ecumenical Temple.
  3310 | Temple   | Entered the Ecumenical Temple
  3315 | Temple   | Became a worshipper of Nemelex Xobeh the Trickster
  3410 | D:5      | Received a gift from Nemelex Xobeh
  3462 | D:5      | Noticed a red devil
  3685 | D:5      | Noticed Grinder
  3695 | D:5      | Reached XP level 7. HP: 39/43 MP: 7/7
  3699 | D:5      | Killed Grinder
  3750 | D:5      | Found a blossoming altar of Fedhas.
  4041 | D:5      | Reached * piety under Nemelex Xobeh
  4051 | D:5      | Received a gift from Nemelex Xobeh
  4724 | D:6      | Reached skill level 5 in Armour
  4881 | D:6      | Reached XP level 8. HP: 48/48 MP: 8/8
  5027 | D:7      | Noticed a rust devil
  5033 | D:7      | Reached skill level 1 in Invocations
  5053 | D:7      | Reached skill level 6 in Shields
  5265 | D:7      | Reached skill level 1 in Stealth
  5347 | D:7      | Reached ** piety under Nemelex Xobeh
  5348 | D:7      | Noticed Duvessa
  5348 | D:7      | Noticed Dowan
  5378 | D:7      | Killed Dowan
  5383 | D:7      | Killed Duvessa
  5383 | D:7      | Reached skill level 5 in Fighting
  5383 | D:7      | Reached skill level 5 in Axes
  5465 | D:7      | Received a gift from Nemelex Xobeh
  5499 | D:7      | Got a steaming ring mail
  5511 | D:7      | Identified the +5 ring mail of Feutsown {Int+4} (You found
                  | it on level 7 of the Dungeon)
  5627 | D:7      | Reached XP level 9. HP: 51/54 MP: 9/9
  5981 | D:8      | Reached skill level 7 in Shields
  6066 | D:8      | Noticed Prince Ribbit
  6122 | D:8      | Killed Prince Ribbit
  6336 | D:8      | Reached skill level 8 in Shields
  6570 | D:8      | Reached XP level 10. HP: 42/60 MP: 11/11
  6858 | D:8      | Reached *** piety under Nemelex Xobeh
  6858 | D:8      | Received a gift from Nemelex Xobeh
  6891 | D:8      | Noticed an orc knight
  6901 | D:8      | Killed an orc knight
  6918 | D:8      | Noticed an orc sorcerer
  6922 | D:8      | Noticed a sixfirhy
  6935 | D:8      | Killed an orc sorcerer
  7471 | D:9      | Received a gift from Nemelex Xobeh
  7483 | D:9      | Reached XP level 11. HP: 65/66 MP: 13/13
  7636 | D:9      | Reached skill level 9 in Shields
  7654 | D:9      | Got an ichor-stained leather armour
  7665 | D:9      | Identified the cursed +1 leather armour of Gluttony {+Inv
                  | rN+ Str-3 SInv} (You found it on level 9 of the Dungeon)
  7826 | D:9      | Noticed a tengu warrior
  7882 | D:9      | Killed a tengu warrior
  8111 | D:10     | Entered Level 10 of the Dungeon
  8114 | D:10     | Noticed a two-headed ogre
  8132 | D:10     | Killed a two-headed ogre
  8226 | D:10     | Noticed Josephine
  8268 | D:10     | Killed Josephine
  8562 | D:10     | Found a staircase to the Lair.
  8597 | D:10     | Reached **** piety under Nemelex Xobeh
  8597 | D:10     | Received a gift from Nemelex Xobeh
  8804 | D:10     | Reached skill level 5 in Stealth
  9155 | D:10     | Reached skill level 10 in Axes
  9494 | D:11     | Noticed a cyan ugly thing
  9523 | D:11     | Killed a cyan ugly thing
  9553 | D:11     | Found Ubbetyda's Magic Scroll Boutique.
  9597 | D:11     | Received a gift from Nemelex Xobeh
  9725 | D:11     | Found a staircase to the Orcish Mines.
  9733 | D:11     | Reached skill level 10 in Shields
  9765 | D:11     | Reached XP level 12. HP: 72/72 MP: 15/15
  9794 | D:11     | Got a smoking war axe {freeze}
  9798 | D:11     | Identified the +8 war axe of Garea {freeze, +Blink +Rage
                  | rC+ Str+2 Dex+3} (You took it off a wight on level 11 of
                  | the Dungeon)
  9916 | D:11     | Gained mutation: You have sharp toenails. [potion of
                  | mutation]
  9916 | D:11     | Gained mutation: You are resistant to hostile enchantments.
                  | (MR+) [potion of mutation]
  9940 | D:11     | Bought a scroll of identify for 24 gold pieces
  9940 | D:11     | Bought a scroll of identify for 24 gold pieces
 10072 | D:11     | Received a gift from Nemelex Xobeh
 10156 | D:11     | Noticed an eight-headed hydra
 10171 | D:11     | HP: 3/73 [12-headed hydra (3)]
 10175 | D:11     | Killed a 14-headed hydra
 10778 | Orc:1    | Entered Level 1 of the Orcish Mines
 10896 | Orc:2    | Entered Level 2 of the Orcish Mines
 10948 | Orc:2    | Noticed an orc high priest
 11155 | Orc:1    | Killed an orc high priest
 11691 | Orc:2    | Found Ycwoir's Gadget Boutique.
 11691 | Orc:2    | Found Etetaap's Magic Scroll Shop.
 11692 | Orc:2    | Found Zagaon's Distillery.
 11693 | Orc:2    | Noticed an orc high priest
 11696 | Orc:2    | Found Sophuchi's Assorted Antiques.
 11702 | Orc:2    | Reached skill level 5 in Invocations
 11703 | Orc:2    | Noticed a soul eater
 11704 | Orc:2    | Killed an orc high priest
 11705 | Orc:2    | Noticed an orc high priest
 11715 | Orc:2    | Killed an orc high priest
 11737 | Orc:2    | Bought 2 potions of might for 128 gold pieces
 11737 | Orc:2    | Bought a potion of invisibility for 128 gold pieces
 11788 | Orc:2    | Received a gift from Nemelex Xobeh
 11807 | Orc:2    | Noticed Azrael
 11809 | Orc:2    | Noticed a stone giant
 12108 | Orc:2    | Noticed a two-headed ogre
 12114 | Orc:2    | Killed a two-headed ogre
 12115 | Orc:2    | Noticed an orc high priest
 12131 | Orc:2    | Noticed a soul eater
 12133 | Orc:2    | Killed an orc high priest
 12133 | Orc:2    | Reached skill level 1 in Evocations
 12433 | Orc:2    | Killed Azrael
 12433 | Orc:2    | Reached skill level 5 in Dodging
 12433 | Orc:2    | Reached XP level 13. HP: 75/79 MP: 17/17
 12462 | Orc:2    | Found a staircase to the Elven Halls.
 12528 | Orc:2    | Killed a stone giant
 12952 | Orc:1    | Reached ***** piety under Nemelex Xobeh
 13105 | Orc:1    | Found Navewn's Distillery.
 13108 | Orc:1    | Bought a potion of heal wounds for 65 gold pieces
 13108 | Orc:1    | Bought a potion of heal wounds for 65 gold pieces
 13411 | D:12     | Received a gift from Nemelex Xobeh
 13478 | D:12     | Reached skill level 11 in Shields
 13628 | D:12     | Received a gift from Nemelex Xobeh
 13724 | D:12     | Got an ominously black robe
 13736 | D:12     | Identified the +3 robe "Weubo" {+Inv rF++ Int-5 Stlth+}
                  | (You found it on level 12 of the Dungeon)
 13976 | D:13     | Found a runed gate.
 13976 | D:13     | Found a runed gate.
 13976 | D:13     | Found an iron altar of Okawaru.
 13976 | D:13     | Found a runed gate.
 13976 | D:13     | Noticed a merfolk impaler
 13976 | D:13     | Noticed a merfolk impaler
 13976 | D:13     | Noticed SaintSock's ghost (journeyman GrEE)
 13977 | D:13     | Noticed a merfolk impaler
 13992 | D:13     | Killed a merfolk impaler
 14056 | D:12     | Killed SaintSock's ghost
 14223 | D:13     | Killed a merfolk impaler
 14234 | D:13     | Killed a merfolk impaler
 14571 | D:13     | Reached skill level 10 in Armour
 14617 | D:13     | Learned a level 1 spell: Summon Butterflies
 14669 | D:13     | Received a gift from Nemelex Xobeh
 14802 | D:13     | Noticed Urug
 14810 | D:13     | Killed Urug
 14896 | D:13     | Reached skill level 1 in Summonings
 15043 | D:13     | Reached skill level 1 in Spellcasting
 15043 | D:13     | Gained mutation: Your large and strong wings let you fly
                  | indefinitely. [Gargoyle growth]
 15043 | D:13     | Reached XP level 14. HP: 86/86 MP: 18/20
 15110 | D:13     | Found a blossoming altar of Fedhas.
 15395 | D:14     | Found a gate to the Vaults.
 15395 | D:14     | Noticed Rupert
 15417 | D:14     | Killed Rupert
 15971 | D:14     | Received a gift from Nemelex Xobeh
 16130 | D:14     | Identified a scroll of acquirement
 16131 | D:14     | Found the +1 cloak of Starlight {rElec rC+ EV+4 Stlth--}
 16502 | D:14     | Learned a level 3 spell: Call Canine Familiar
 16609 | D:14     | Received a gift from Nemelex Xobeh
 16946 | D:15     | Entered Level 15 of the Dungeon
 16948 | D:15     | Received a gift from Nemelex Xobeh
 17024 | D:15     | Reached ****** piety under Nemelex Xobeh
 17024 | D:15     | Received a gift from Nemelex Xobeh
 17183 | D:15     | Found a staircase to the Depths.
 17183 | D:15     | Noticed a fire giant
 17787 | D:15     | Received a gift from Nemelex Xobeh
 17808 | D:15     | Reached XP level 15. HP: 92/92 MP: 21/21
 17826 | D:15     | Reached skill level 12 in Shields
 17830 | D:15     | Found Uduikkam's Gadget Emporium.
 17874 | D:15     | Killed a fire giant
 18216 | Lair:1   | Entered Level 1 of the Lair of Beasts
 18421 | Lair:1   | Reached skill level 10 in Fighting
 18446 | Lair:1   | Received a gift from Nemelex Xobeh
 18711 | Lair:1   | Received a gift from Nemelex Xobeh
 19148 | Lair:2   | Got a smoking ring mail
 19159 | Lair:2   | Identified the +1 ring mail of Soczuhil {rElec rPois rF+
                  | Slay-3} (You found it on level 2 of the Lair of Beasts)
 19466 | Lair:2   | Found a staircase to the Snake Pit.
 19508 | Lair:2   | Received a gift from Nemelex Xobeh
 19670 | Lair:2   | Learned a level 3 spell: Regeneration
 20191 | Lair:3   | Reached skill level 1 in Charms
 20353 | Lair:3   | Received a gift from Nemelex Xobeh
 21045 | Lair:4   | Received a gift from Nemelex Xobeh
 21145 | Lair:4   | Reached skill level 5 in Spellcasting
 21287 | Lair:4   | Received a gift from Nemelex Xobeh
 21462 | Lair:4   | Noticed Snorg
 21471 | Lair:4   | Killed Snorg
 21508 | Lair:4   | Learned a level 1 spell: Corona
 21515 | Lair:4   | Reached skill level 5 in Summonings
 21655 | Lair:4   | Found a staircase to the Shoals.
 21721 | Lair:4   | Received a gift from Nemelex Xobeh
 22147 | Lair:5   | Received a gift from Nemelex Xobeh
 22357 | Lair:5   | Received a gift from Nemelex Xobeh
 23094 | Lair:6   | Entered Level 6 of the Lair of Beasts
 23095 | Lair:6   | Found a staircase to the Slime Pits.
 23197 | Lair:6   | Received a gift from Nemelex Xobeh
 23507 | Lair:6   | Reached XP level 16. HP: 90/98 MP: 21/24
 23534 | Lair:6   | Received a gift from Nemelex Xobeh
 24539 | Shoals:1 | Entered Level 1 of the Shoals
 24641 | Shoals:1 | Received a gift from Nemelex Xobeh
 24661 | Shoals:1 | Reached skill level 13 in Shields
 25378 | Shoals:1 | Received a gift from Nemelex Xobeh
 26225 | Shoals:2 | Received a gift from Nemelex Xobeh
 26530 | Shoals:3 | Received a gift from Nemelex Xobeh
 26719 | Shoals:3 | Reached XP level 17. HP: 96/104 MP: 27/27
 26745 | Shoals:3 | Noticed Roxanne
 26785 | Shoals:3 | Killed Roxanne
 26785 | Shoals:3 | Reached skill level 5 in Charms
 26786 | Shoals:3 | Identified Roxanne's Tome of Earth (You took it off Roxanne
                  | on level 3 of the Shoals)
 26801 | Shoals:3 | Learned a level 2 spell: Passwall
 26924 | Shoals:3 | Received a gift from Nemelex Xobeh
 27317 | Shoals:4 | Entered Level 4 of the Shoals
 27324 | Shoals:4 | Reached skill level 15 in Axes
 27911 | Shoals:4 | Got a barnacled rune of Zot
 27949 | Shoals:4 | Reached skill level 14 in Shields
 28234 | Shoals:4 | Noticed a kraken
 28244 | Shoals:4 | Killed a kraken
 28448 | Shoals:4 | Received a gift from Nemelex Xobeh
 29275 | Snake:1  | Entered Level 1 of the Snake Pit
 29299 | Snake:1  | Noticed Frances
 29319 | Snake:1  | Killed Frances
 29393 | Snake:1  | Noticed Agnes
 29407 | Snake:1  | Killed Agnes
 30089 | Snake:2  | Received a gift from Nemelex Xobeh
 30092 | Snake:2  | Noticed Louise
 30110 | Snake:2  | Killed Louise
 30110 | Snake:2  | Reached XP level 18. HP: 110/111 MP: 30/30
 30363 | Snake:2  | Learned a level 3 spell: Vampiric Draining
 31129 | Snake:3  | Reached skill level 1 in Necromancy
 31334 | Snake:3  | Received a gift from Nemelex Xobeh
 31413 | Snake:3  | Noticed Kirke
 31432 | Snake:3  | Killed Kirke
 31963 | Snake:4  | Entered Level 4 of the Snake Pit
 31976 | Snake:4  | Received a gift from Nemelex Xobeh
 32411 | Snake:4  | Reached skill level 15 in Shields
 32455 | Snake:4  | Reached XP level 19. HP: 83/116 MP: 19/32
 32584 | Snake:4  | Got an encrusted chain mail
 32586 | Snake:4  | Identified the +2 chain mail of Joy {rF++ Int+3 Slay-3}
                  | (You found it on level 4 of the Snake Pit)
 32594 | Snake:4  | Learned a level 2 spell: Slow
 33058 | Snake:4  | Received a gift from Nemelex Xobeh
 33210 | Snake:4  | Got a serpentine rune of Zot
 33503 | D:11     | Bought a scroll of acquirement for 624 gold pieces
 33775 | Slime:1  | Entered Level 1 of the Pits of Slime
 33821 | Slime:1  | Reached skill level 10 in Spellcasting
 34631 | Orc:2    | Bought a potion of curing for 48 gold pieces
 34631 | Orc:2    | Bought a potion of curing for 48 gold pieces
 34631 | Orc:2    | Bought a potion of curing for 48 gold pieces
 35414 | Depths:1 | Entered Level 1 of the Depths
 35414 | Depths:1 | Received a gift from Nemelex Xobeh
 35696 | Depths:1 | Found a gateway to Hell.
 35702 | Hell     | Entered the Vestibule of Hell
 35702 | Hell     | Noticed Geryon
 35773 | Hell     | Noticed a tentacled monstrosity
 35798 | Hell     | Killed a tentacled monstrosity
 35911 | Hell     | Found a gateway to the Iron City of Dis.
 36631 | Depths:1 | Reached skill level 5 in Necromancy
 37150 | Depths:1 | Noticed a lich
 37381 | Depths:1 | Noticed a lich
 37391 | Depths:1 | Reached XP level 20. HP: 112/124 MP: 31/34
 37393 | Depths:1 | Killed a lich
 37393 | Depths:1 | Reached skill level 16 in Shields
 37395 | Depths:1 | Received a gift from Nemelex Xobeh
 38101 | Depths:2 | Found a one-way gate leading to the halls of Pandemonium.
 38141 | Depths:2 | Found Beusomat's Armour Shoppe.
 38393 | Depths:2 | Found the +10 large shield of Ignorance {rN+ Int-4}
 39893 | Depths:2 | Received a gift from Nemelex Xobeh
 40329 | Depths:3 | Found a basalt altar of Yredelemnul.
 40331 | Depths:3 | Noticed a profane servitor
 40355 | Depths:3 | Killed a profane servitor
 40540 | Depths:3 | Found Hacemuam's Gadget Shop.
 40565 | Depths:3 | Received a gift from Nemelex Xobeh
 40737 | Depths:3 | Found an ancient bone altar of Kikubaaqudgha.
 40737 | Depths:3 | Noticed an ancient lich
 40752 | Depths:3 | Killed an ancient lich
 40752 | Depths:3 | Reached XP level 21. HP: 131/131 MP: 36/36
 41011 | Depths:3 | Reached skill level 17 in Shields
 41073 | Depths:3 | Learned a level 5 spell: Dispel Undead
 41104 | Depths:3 | Received a gift from Nemelex Xobeh
 41194 | Depths:3 | Found a one-way gate to the infinite horrors of the Abyss.
 42192 | Depths:3 | Noticed Nikola
 42212 | Depths:3 | Killed Nikola
 43176 | Depths:4 | Received a gift from Nemelex Xobeh
 43257 | Depths:4 | Reached skill level 5 in Evocations
 43368 | Depths:4 | Received a gift from Nemelex Xobeh
 43599 | Depths:4 | Noticed a caustic shrike
 43600 | Depths:4 | Noticed a golden dragon
 43614 | Depths:4 | Killed a caustic shrike
 43634 | Depths:4 | Killed a golden dragon
 43692 | Depths:4 | Paralysed by a lich for 5 turns
 43971 | Depths:4 | Reached XP level 22. HP: 109/138 MP: 32/38
 44162 | Depths:4 | Identified the +5 chain mail "Oheek" {*Contam rC+ Dex+2}
                  | (You found it on level 4 of the Depths)
 44232 | Depths:4 | Reached skill level 18 in Shields
 44509 | Depths:5 | Entered Level 5 of the Depths
 44522 | Depths:5 | Received a gift from Nemelex Xobeh
 44592 | Depths:5 | Reached skill level 10 in Dodging
 45070 | Depths:5 | Found a gateway to a ziggurat.
 45478 | Depths:5 | Paralysed by a floating eye for 2 turns
 45665 | Depths:5 | Noticed Mennas
 46072 | Depths:5 | Noticed Margery
 46091 | Depths:5 | Killed Margery
 46091 | Depths:5 | Reached skill level 15 in Fighting
 47094 | Depths:4 | Killed Mennas
 47201 | Depths:5 | Cast into level 3 of the Abyss (a lich)
 47279 | Abyss:3  | Received a gift from Nemelex Xobeh
 47292 | Abyss:3  | Reached XP level 23. HP: 144/144 MP: 39/39
 47936 | Abyss:3  | Reached skill level 19 in Shields
 47936 | Abyss:3  | Reached XP level 24. HP: 87/135 MP: 35/40
 47953 | Depths:5 | Escaped the Abyss
 49493 | Depths:5 | Received a gift from Nemelex Xobeh
 49780 | Depths:5 | Found a gate to the Realm of Zot.
 49781 | Depths:5 | Found a stormy altar of Qazlal.
 50070 | Zig:1    | Entered Level 1 of a ziggurat
 50098 | Zig:2    | Entered Level 2 of a ziggurat
 50146 | Zig:2    | Got a spiked scale mail
 50158 | Zig:2    | Identified the cursed +0 scale mail of the Sun {MR+} (You
                  | found it on level 2 of a ziggurat)
 50173 | Zig:3    | Entered Level 3 of a ziggurat
 50201 | Zig:4    | Entered Level 4 of a ziggurat
 50372 | Zig:5    | Entered Level 5 of a ziggurat
 50423 | Zig:5    | Identified the +2 long sword of the Enchanted Forest
                  | {drain, rF+ rN+ Int+2} (You found it on level 5 of a
                  | ziggurat)
 50553 | Zig:6    | Entered Level 6 of a ziggurat
 50553 | Zig:6    | Received a gift from Nemelex Xobeh
 50596 | Zig:6    | Identified the Disquisition on Execration
 50606 | Zig:6    | Identified the +5 short sword "Dibrykli" {freeze, MR+ Str-3
                  | Dex+8} (You found it on level 6 of a ziggurat)
 50867 | Zig:7    | Entered Level 7 of a ziggurat
 50873 | Zig:7    | Noticed a greater mummy
 50936 | Zig:7    | Killed a greater mummy
 50951 | Zig:7    | Got a heavily runed marble ring
 50958 | Zig:7    | Identified the Compendium of the Bewitching Voyage
 51030 | Zig:7    | Identified the ring "Paxowimi" {rPois rC+ Str-3 Int+3
                  | Dex+6} (You found it on level 7 of a ziggurat)
 51294 | Zig:8    | Entered Level 8 of a ziggurat
 51302 | Zig:8    | Noticed Korchut the pandemonium lord
 51311 | Zig:8    | Banished Korchut the pandemonium lord
 51321 | Zig:8    | Reached skill level 10 in Invocations
 51363 | Zig:8    | Identified the +1 buckler "Inougoq" {-Tele rPois Regen+
                  | Slay+4} (You found it on level 8 of a ziggurat)
 51367 | Zig:8    | Identified the +5 long sword "Unuiry" {speed, rC+ Str-3
                  | Dex+6} (You found it on level 8 of a ziggurat)
 51648 | Zig:8    | Learned a level 3 spell: Summon Guardian Golem
 51651 | Zig:8    | Reached XP level 25. HP: 156/156 MP: 40/40
 51658 | Zig:9    | Entered Level 9 of a ziggurat
 51676 | Zig:9    | Noticed a greater mummy
 51735 | Depths:5 | Reached skill level 1 in Throwing
 51735 | Depths:5 | Reached skill level 1 in Unarmed Combat
 51735 | Depths:5 | Reached skill level 1 in Hexes
 51735 | Depths:5 | Reached skill level 1 in Transmutations
 51735 | Depths:5 | Reached skill level 1 in Earth Magic
 51735 | Depths:5 | Reached XP level 26. HP: 87/162 MP: 32/40
 52125 | Hell     | Received a gift from Nemelex Xobeh
 52269 | Hell     | Killed Geryon
 52604 | Hell     | Found a gateway to the decaying netherworld of Tartarus.
 52624 | Hell     | Reached skill level 10 in Necromancy
 52787 | Hell     | Found a gateway to the freezing wastes of Cocytus.
 52803 | Hell     | Reached skill level 20 in Shields
 52843 | Hell     | Noticed Murray
 52893 | Hell     | Killed Murray
 53243 | Hell     | Found a gateway to the ashen valley of Gehenna.
 53520 | Tar:1    | Entered Level 1 of Tartarus
 53944 | Tar:1    | Reached XP level 27. HP: 70/168 MP: 17/40
 54449 | Tar:1    | Received a gift from Nemelex Xobeh
 55107 | Tar:1    | HP: 5/168 [hellion/damnation[a doom hound] (22)]
 56884 | Slime:2  | Received a gift from Nemelex Xobeh
 57206 | Slime:5  | Entered Level 5 of the Pits of Slime
 57593 | Slime:5  | Gained mutation: You are dopey. (Int -2) [a shining eye]
 57595 | Slime:5  | Gained mutation: Your muscles are strong. (Str +2) [a
                  | shining eye]
 57601 | Slime:5  | Gained mutation: You are frail. (-10% HP) [a shining eye]
 57603 | Slime:5  | Gained mutation: Armour fits poorly on your strangely
                  | shaped body. [a shining eye]
 57609 | Slime:5  | Noticed the Royal Jelly
 58414 | Slime:5  | Gained mutation: Your magical capacity is low. (-10% MP) [a
                  | shining eye]
 58472 | Slime:5  | HP: 2/152 [acid (13)]
 58475 | Slime:5  | Gained mutation: You are very dopey. (Int -4) [a shining
                  | eye]
 58476 | Slime:5  | Gained mutation: Your magical capacity is very low. (-20%
                  | MP) [a shining eye]
 58480 | Slime:4  | HP: 1/152 [acid blob/splash of acid (5)]
 58480 | Slime:4  | Splashed by an acid blob's acid

Skill      XL: |  1  2  3  4  5  6  7  8  9 10 11 12 13 14 15 16 17 18 19 20 21 22 23 24 25 26 27 |
---------------+----------------------------------------------------------------------------------+-----
Shields        | 4 5 6 8 10 11 12 13 14 15 16 17 18 19 20 | 20.6
Maces & Flails | 3 4 |  4.2
Dodging        | 1 2 3 4 5 6 7 8 9 10 11 | 11.4
Armour         | 4 5 6 7 9 10 11 12 | 12.1
Fighting       | 4 5 6 7 8 9 10 11 12 13 14 15 16 | 16.5
Axes           | 2 3 5 7 9 10 11 12 13 14 15 16 17 18 | 18.7
Invocations    | 1 2 4 5 8 9 10 | 10.1
Stealth        | 1 2 4 5 6 7 |  7.4
Evocations     | 1 2 3 5 6 |  6.4
Summonings     | 1 4 5 6 |  6.4
Spellcasting   | 1 3 5 7 8 9 10 11 12 13 14 | 14.2
Charms         | 2 4 6 7 |  7.8
Necromancy     | 3 5 6 7 8 9 10 | 10.6
Throwing       | 1 |  1.2
Unarmed Combat | 1 |  1.2
Hexes          | 1 |  1.0
Transmutations | 1 |  1.0
Earth Magic    | 1 |  1.4

Action                   |  1- 3 |  4- 6 |  7- 9 | 10-12 | 13-15 | 16-18 | 19-21 | 22-24 | 25-27 || total
-------------------------+-------+-------+-------+-------+-------+-------+-------+-------+-------++-------
Melee: Flail             |   122 |   189 |       |       |       |       |       |       |       ||   311
       Hand axe          |       |   111 |    21 |       |       |       |       |       |       ||   132
       War axe           |       |       |   243 |   735 |   953 |  1286 |  1771 |  1132 |   821 ||  6941
 Cast: Summon Butterflie |       |       |       |       |     7 |       |       |       |       ||     7
       Corona            |       |       |       |       |     2 |       |       |       |       ||     2
       Regeneration      |       |       |       |       |     1 |    10 |     9 |     8 |     1 ||    29
       Call Canine Famil |       |       |       |       |     1 |     2 |     1 |       |       ||     4
       Passwall          |       |       |       |       |       |     1 |       |       |       ||     1
       Vampiric Draining |       |       |       |       |       |    10 |       |       |       ||    10
       Dispel Undead     |       |       |       |       |       |       |     2 |       |       ||     2
       Slow              |       |       |       |       |       |       |       |     1 |       ||     1
Invok: Triple Draw       |       |       |       |       |     1 |       |       |       |     1 ||     2
 Abil: Evoke Berserk Rag |       |       |       |     4 |    11 |     3 |     3 |     3 |     4 ||    28
       Evoke Blink       |       |       |       |     1 |       |       |       |       |       ||     1
       Fly               |       |       |       |       |       |     1 |     4 |     1 |     2 ||     8
       Stop Flying       |       |       |       |       |       |     1 |     4 |     1 |     2 ||     8
Evoke: Deck              |       |     4 |     9 |    13 |    35 |    45 |    16 |    37 |     6 ||   165
       Wand              |       |       |     2 |     3 |     2 |     2 |     5 |     1 |     4 ||    19
       Fan of gales      |       |       |       |     1 |       |       |     1 |       |       ||     2
       Box of beasts     |       |       |       |       |       |     4 |       |     1 |       ||     5
       Sack of spiders   |       |       |       |       |       |     1 |       |       |       ||     1
       Lightning rod     |       |       |       |       |       |     3 |     4 |     1 |     4 ||    12
       Crystal ball of e |       |       |       |       |       |       |       |     1 |       ||     1
  Use: Potion            |     3 |       |       |    12 |     1 |     7 |     9 |    16 |    12 ||    60
       Scroll            |       |     2 |       |    24 |    13 |    11 |    13 |    15 |     3 ||    81
 Stab: Petrified         |       |     1 |       |       |     2 |       |       |       |       ||     3
       Paralysed         |       |       |     5 |     3 |     2 |       |     2 |       |       ||    12
       Distracted        |       |       |       |     4 |     2 |     9 |     2 |     5 |       ||    22
       Sleeping          |       |       |       |     5 |     2 |       |       |       |     1 ||     8
       Invisible         |       |       |       |     2 |       |       |       |       |       ||     2
       Confused          |       |       |       |       |     2 |       |       |       |       ||     2
       Petrifying        |       |       |       |       |     2 |       |       |       |       ||     2
  Eat: Chunk             |       |     8 |     1 |    20 |    31 |    10 |     8 |    10 |       ||    88
       Ration            |       |     1 |     3 |     2 |     5 |     7 |    10 |     6 |     8 ||    42
Armor: Scale mail        |    96 |    80 |       |       |       |       |       |       |       ||   176
       Chain mail        |       |   113 |    94 |       |       |       |       |       |       ||   207
       Ring mail         |       |       |   128 |   490 |   405 |   413 |   432 |   364 |   314 ||  2546
       Acid dragon scale |       |       |       |       |       |       |    13 |       |       ||    13
Dodge: Dodged            |    50 |    86 |   106 |   388 |   554 |   965 |   858 |   482 |   497 ||  3986
Block: Shield            |    82 |   186 |   197 |   573 |   742 |  1268 |   729 |       |       ||  3777
       Large shield      |       |       |       |       |       |       |  1149 |  1635 |  1408 ||  4192
